[Event "Team 45 45 League T25"]
[Site "Internet Chess Club"]
[Date "2005.01.09"]
[Round "4"]
[White "Unbeliever"]
[Black "bigarrow"]
[Result "1/2-1/2"]
[WhiteElo "2026"]
[BlackElo "1849"]
[TimeControl "2700+45"]

1. e4 e6 2. d3 d5 3. Nd2 c5 4. g3 Nc6 5. Bg2 Nf6 6. Ngf3 Bd6 7. O-O O-O 8. Ne1
Qc7 9. f4 e5 10. exd5 Bg4 11. Bf3 Bxf3 12. Ndxf3 Nxd5 13. fxe5 Nxe5 14. Nxe5
Bxe5 15. Nf3 Bd4+ 16. Nxd4 cxd4 17. Qg4 Qb6 18. b3 Rac8 19. Rf2 Rc6 20. Ba3 Rd8
21. Raf1 f6 22. Bc1 Ne3 23. Bxe3 dxe3 24. Re2 Rxc2 25. Rfe1 Rc3 26. Qe4 Rcxd3
27. Rxe3 Rxe3 28. Rxe3 f5 29. Qe7 Qd6 30. a4 {Game drawn by mutual agreement}
1/2-1/2

[Event "Team 45 45 League T25"]
[Site "Internet Chess Club"]
[Date "2005.01.09"]
[Round "4"]
[White "MrAnderssen"]
[Black "Mikey29a"]
[Result "0-1"]
[WhiteElo "1647"]
[BlackElo "1670"]
[TimeControl "2700+45"]

1. e4 e6 2. d4 d5 3. Nd2 Nf6 4. e5 Nfd7 5. Ngf3 c5 6. c3 Qb6 7. Be2 Nc6 8. Nb3
a5 9. a4 cxd4 10. cxd4 Bb4+ 11. Bd2 Bxd2+ 12. Nfxd2 Nxd4 13. Nxd4 Qxd4 14. Nf3
Qxb2 15. O-O O-O 16. Bd3 h6 17. g4 Nxe5 18. g5 Nxf3+ 19. Qxf3 Qe5 20. gxh6 Qg5+
21. Kh1 Qxh6 22. Rg1 g6 23. Qf6 Qg7 24. Qe7 e5 25. Rg3 e4 26. Be2 Qxa1+ {White
resigns} 0-1

[Event "Team 45 45 League T25"]
[Site "Internet Chess Club"]
[Date "2005.01.09"]
[Round "4"]
[White "Fegary"]
[Black "dougmo"]
[Result "1-0"]
[WhiteElo "1682"]
[BlackElo "1620"]
[TimeControl "2700+45"]

1. e4 e6 2. d4 d5 3. exd5 exd5 4. Nc3 Nf6 5. g3 Bb4 6. Qd3 O-O 7. Ne2 Re8 8. Bg5
h6 9. h4 Qd6 10. O-O-O b6 11. Bxf6 Qxf6 12. Nxd5 Qd6 13. Nxb4 Qxb4 14. Bg2 Ba6
15. Qd2 Qa4 16. Nc3 Qd7 17. Bxa8 Nc6 18. Bxc6 Qxc6 19. d5 Qg6 20. Rhe1 Rd8 21.
Re7 c6 22. d6 Kf8 23. Rxa7 Bc4 24. Qd4 Qe6 25. Qxb6 {Black resigns} 1-0

[Event "Team 45 45 League T25"]
[Site "Internet Chess Club"]
[Date "2005.01.08"]
[Round "4"]
[White "kingfischer57"]
[Black "allanchs"]
[Result "1-0"]
[WhiteElo "1836"]
[BlackElo "1618"]
[TimeControl "2700+45"]

1. d4 d5 2. c4 e6 3. Nc3 Nf6 4. Bg5 Be7 5. e3 O-O 6. Nf3 Nbd7 7. Rc1 c6 8. Bd3
dxc4 9. Bxc4 Nd5 10. Bxe7 Qxe7 11. O-O Nxc3 12. Rxc3 e5 13. d5 cxd5 14. Bxd5 Nf6
15. Bb3 Be6 16. Qc2 Bxb3 17. Qxb3 b6 18. Rfc1 Rfe8 19. Rc7 Qe6 20. Qxe6 Rxe6 21.
Rb7 e4 22. Ng5 Rd6 23. Nxf7 Rd2 24. Rb1 Nd7 25. Ng5 Nc5 26. Re7 Rad8 27. h3 Nd3
28. Nxe4 Rxb2 29. Rxb2 Nxb2 30. Rxa7 Rb8 31. g4 b5 32. Kg2 b4 33. f4 b3 34. axb3
Rxb3 35. Kf3 Nd1 36. Ng5 Rxe3+ 37. Kg2 g6 38. Rxh7 Ra3 39. Rd7 Ra2+ 40. Kf3 Ra3+
41. Ke4 Nf2+ 42. Ke5 Nd3+ 43. Kf6 Ra6+ 44. Ke7 Nxf4 45. Rd8+ Kg7 46. Rd7 Rb6 47.
h4 Ra6 48. Ke8+ Kg8 49. Ke7 Rb6 50. Rd6 Rb7+ 51. Kf6 Rb8 52. Ke5 Ng2 53. Rxg6+
Kf8 54. Ne6+ {Black resigns} 1-0

[Event "Team 45 45 League T25"]
[Site "Internet Chess Club"]
[Date "2005.01.09"]
[Round "4"]
[White "ebattousai"]
[Black "tourettes"]
[Result "0-1"]
[WhiteElo "1526"]
[BlackElo "1796"]
[TimeControl "2700+45"]

1. e4 c5 2. d4 cxd4 3. c3 dxc3 4. Nxc3 Nc6 5. Nf3 a6 6. Bc4 e6 7. O-O Nge7 8.
Bf4 Ng6 9. Bd6 Be7 10. Qd2 O-O 11. Rfd1 b5 12. Bb3 Na5 13. Rac1 Nxb3 14. axb3
Qb6 15. Ne2 Bxd6 16. Qxd6 Qxd6 17. Rxd6 Bb7 18. Ng3 Rfd8 19. Rc7 Bc6 20. Nd4
Rdc8 21. Rxc8+ Rxc8 22. Nxc6 Rxc6 23. Rxc6 dxc6 24. b4 Ne5 25. Ne2 Nd3 26. Nd4
Nxb4 {White resigns} 0-1

[Event "Team 45 45 League T25"]
[Site "Internet Chess Club"]
[Date "2005.01.06"]
[Round "4"]
[White "gessie7"]
[Black "KaissaXiaolin"]
[Result "1-0"]
[WhiteElo "1560"]
[BlackElo "1552"]
[TimeControl "2700+45"]

1. e4 d5 2. exd5 Nf6 3. Bc4 Nxd5 4. d4 Nc6 5. Qf3 Be6 6. Nh3 Nxd4 7. Qh5 Nxc2+
8. Ke2 Nf4+ 9. Nxf4 Bxc4+ 10. Kf3 Nxa1 11. Nd2 g6 12. Qe5 f6 13. Qc5 Bf7 14.
Qb5+ c6 15. Qxb7 Bd5+ 16. Nxd5 Qxd5+ 17. Ne4 Qf5+ 18. Bf4 Rc8 19. Re1 e5 20.
Nxf6+ Qxf6 21. Qxc8+ Kf7 22. Qb7+ Qe7 23. Qxc6 Qd6 24. Qc4+ Qe6 25. Qc7+ Be7 26.
Rxe5 Rc8 27. Qxa7 Qc6+ 28. Kg3 Rc7 29. Qa5 Nc2 30. Rd5 Nb4 31. Rd4 Qf6 32. Rxb4
Qh4+ 33. Kf3 Bxb4 34. Qxc7+ Be7 35. Qc4+ {Black resigns} 1-0

[Event "Team 45 45 League T25"]
[Site "Internet Chess Club"]
[Date "2005.01.09"]
[Round "4"]
[White "pawnateer"]
[Black "Rossinantes"]
[Result "1-0"]
[WhiteElo "2399"]
[BlackElo "2309"]
[TimeControl "2700+45"]

1. d4 c5 2. d5 d6 3. c4 Nf6 4. Nc3 e6 5. e4 exd5 6. cxd5 g6 7. Nf3 Bg7 8. Be2 a6
9. O-O Bg4 10. Bf4 O-O 11. Nd2 Bxe2 12. Qxe2 b5 13. h3 Re8 14. Qd3 c4 15. Qc2
Qb6 16. Be3 Qb7 17. a4 Nbd7 18. axb5 axb5 19. Rxa8 Rxa8 20. Rd1 Ne5 21. Ne2 Nfd7
22. b3 Rc8 23. bxc4 Nxc4 24. Rc1 Ndb6 25. Nxc4 Rxc4 26. Qb3 Rxc1+ 27. Bxc1 Na4
28. Qb4 Qa6 29. Nd4 Nc5 30. Nxb5 Nd3 31. Qa3 Qc8 32. Be3 Ne5 33. Qxd6 h5 34. f4
Qc2 35. Qb8+ Kh7 36. fxe5 Qb1+ 37. Kh2 Qxe4 38. Bd4 Bh6 39. Qa7 Bf4+ 40. Kh1
Qb1+ 41. Bg1 Bxe5 42. Qxf7+ Kh6 43. Nc7 Qc1 44. Ne6 h4 45. Nf8 Qb1 46. Qh7+ Kg5
47. Ne6+ Kf5 48. Qf7+ Bf6 49. Nd4+ Kg5 50. Nf3+ Kh6 51. Qxf6 Qxg1+ {Black
resigns} 1-0

[Event "Team 45 45 League T25"]
[Site "Internet Chess Club"]
[Date "2005.01.09"]
[Round "4"]
[White "Vombat"]
[Black "WesleyCrusher"]
[Result "1/2-1/2"]
[WhiteElo "2168"]
[BlackElo "2077"]
[TimeControl "2700+45"]

1. d4 Nf6 2. c4 g6 3. Nc3 Bg7 4. e4 d6 5. f3 O-O 6. Be3 e5 7. d5 a5 8. Bd3 Nbd7
9. Nge2 Nc5 10. Bc2 Bd7 11. Qd2 Ne8 12. O-O-O f5 13. exf5 Bxf5 14. h4 Nf6 15.
Ng3 Bxc2 16. Qxc2 e4 17. Bxc5 dxc5 18. Ncxe4 Nxe4 19. Nxe4 Bd4 20. Rdf1 Ra6 21.
a4 Rb6 22. b3 Qe7 23. Re1 Bg7 24. h5 g5 25. h6 Rxh6 26. Rxh6 Bxh6 27. Rh1 Bg7
28. Qd2 Qe5 29. Kd1 h6 30. Ke2 b6 31. Rh5 Qe8 32. Rh3 Qe5 33. Rh5 Qe8 34. g4 Rf4
35. Qe3 Qf8 36. Ng3 {Game drawn by mutual agreement} 1/2-1/2

[Event "Team 45 45 League T25"]
[Site "Internet Chess Club"]
[Date "2005.01.06"]
[Round "4"]
[White "Amauta"]
[Black "Gregorio"]
[Result "0-1"]
[WhiteElo "1942"]
[BlackElo "2050"]
[TimeControl "2700+45"]

1. e4 g6 2. Bc4 Bg7 3. d4 e6 4. c3 d5 5. Bd3 dxe4 6. Bxe4 Nf6 7. Bg5 Qd6 8. Bxf6
Bxf6 9. Qf3 Nd7 10. Nd2 c6 11. Bc2 Bg7 12. Ne4 Qe7 13. Ne2 b6 14. O-O O-O 15.
Qg3 Rd8 16. Ng5 Ba6 17. Rfe1 Bh6 18. h4 Nf8 19. Nf4 Bxg5 20. hxg5 Qd6 21. Rad1
Bb7 22. Be4 e5 23. dxe5 Qxe5 24. Bd3 Qc5 25. Re3 Ba6 26. Rde1 Bxd3 27. Nxd3 Qd5
28. Nb4 Qd6 29. Qf3 Rac8 30. Re7 f5 31. gxf6 c5 32. Nc2 Rd7 33. Qh3 Rcd8 34. Qh4
Qd2 35. R1e3 Qxc2 36. Qh6 Qd1+ 37. Kh2 Qh5+ 38. Qxh5 gxh5 39. Rh3 Ng6 40. Re4
Rf8 41. Rxh5 Rxf6 42. f3 Rd2 43. Kg3 Rxb2 44. Re8+ Rf8 45. Re1 Rxg2+ {White
resigns} 0-1

[Event "Team 45 45 League T25"]
[Site "Internet Chess Club"]
[Date "2005.01.11"]
[Round "4"]
[White "Quoyle"]
[Black "chesskilleruk"]
[Result "1-0"]
[WhiteElo "2449"]
[BlackElo "2272"]
[TimeControl "2700+45"]

1. d4 Nf6 2. c4 g6 3. Nc3 Bg7 4. e4 d6 5. Nf3 O-O 6. Be2 e5 7. d5 c5 8. a3 Nh5
9. g3 Bd7 10. Nd2 Nf6 11. g4 Ne8 12. Nf1 a6 13. h4 Bf6 14. g5 Be7 15. Bg4 b5 16.
Bxd7 Qxd7 17. h5 Nc7 18. Be3 a5 19. Qe2 bxc4 20. Nd2 Nb5 21. Nxb5 Qxb5 22. Nxc4
Nd7 23. a4 Qa6 24. Bd2 Nb6 25. Nxb6 Qxb6 26. Bc3 Bxg5 27. Qg4 Bf4 28. hxg6 hxg6
29. Qxf4 {Black resigns} 1-0

[Event "Team 45 45 League T25"]
[Site "Internet Chess Club"]
[Date "2005.01.10"]
[Round "4"]
[White "johanh"]
[Black "phoenix10q72"]
[Result "1-0"]
[WhiteElo "2157"]
[BlackElo "2286"]
[TimeControl "2700+45"]

1. e4 c5 2. Nf3 d6 3. d4 cxd4 4. Nxd4 Nf6 5. Nc3 a6 6. Be3 Ng4 7. Bc1 Nf6 8. Be3
e5 9. Nb3 Be6 10. f3 Nbd7 11. Qd2 Be7 12. Nd5 Bxd5 13. exd5 a5 14. a4 O-O 15.
Be2 Nb6 16. c4 Qc7 17. O-O Rfc8 18. Rfc1 Nbd7 19. Kh1 Nc5 20. Nxc5 dxc5 21. Bd3
Bd6 22. Be4 Re8 23. g4 Ra6 24. Rg1 Rea8 25. b3 Rb6 26. Qc2 g6 27. Kg2 Qd7 28.
Kf2 Kh8 29. Ke2 Ne8 30. h4 Ng7 31. Bh6 Qd8 32. Rh1 Be7 33. Rag1 Kg8 34. Rg2 Raa6
35. Rgh2 Qd7 36. Rg2 Ne8 37. Be3 Nf6 38. Bd3 Bf8 39. h5 Qe8 40. Kd1 e4 41. Bxe4
Nxe4 42. fxe4 Qe5 43. Ke2 Ra8 44. g5 Re8 45. Rg4 gxh5 46. Rxh5 Rg6 47. Kf3 f5
48. Rf4 Bd6 49. Qd3 fxe4+ 50. Qxe4 Rg7 51. Qxe5 Rxe5 52. Rf6 Be7 53. Re6 Rxe6
54. dxe6 b6 55. Ke4 Rg6 56. Rh6 Kg7 57. Kf5 Rxh6 58. gxh6+ Kf8 59. Bg5 Bd6 60.
Ke4 Ke8 61. Kd5 Bg3 62. Kc6 Be1 63. Kxb6 Bb4 64. Bf6 Bd2 65. Kxc5 Bxh6 66. Bc3
Ke7 67. Kd5 Bf4 68. Bxa5 h5 69. Be1 Bg5 70. a5 h4 71. a6 h3 72. Bg3 Be3 73. c5
Bf2 74. Bd6+ Kf6 75. a7 Bxc5 76. Kxc5 {Black resigns} 1-0

[Event "Team 45 45 League T25"]
[Site "Internet Chess Club"]
[Date "2005.01.06"]
[Round "4"]
[White "jorobo"]
[Black "DeLaSalle"]
[Result "1-0"]
[WhiteElo "2129"]
[BlackElo "2044"]
[TimeControl "2700+45"]

1. c4 Nc6 2. Nc3 e5 3. Nf3 f5 4. d4 e4 5. Ng5 Bb4 6. Nh3 Nf6 7. Bg5 O-O 8. e3
Qe8 9. Nf4 h6 10. Bxf6 Rxf6 11. Nd5 Bxc3+ 12. bxc3 Qd8 13. Nxf6+ Qxf6 14. Rb1 b6
15. Qa4 Bb7 16. c5 f4 17. Bc4+ Kh8 18. O-O f3 19. g3 Na5 20. Rfc1 Bc6 21. Bb5
Qf5 22. Qd1 Bxb5 23. Rxb5 c6 24. Rb4 b5 25. a4 Nc4 26. axb5 Nd2 27. Kh1 Qh3 28.
Qg1 a5 29. Ra1 cxb5 30. Rxb5 a4 31. Rb2 Nc4 32. Rb4 d5 33. Rbxa4 Rxa4 34. Rxa4
Qd7 35. Ra1 Nb2 36. Qf1 Nd3 37. h3 Qb7 38. Rb1 Qa8 39. Kg1 Qa2 40. Rb8+ Kh7 41.
Rd8 Qb3 42. Rd6 Qc4 43. Rd7 Qb3 44. Ra7 Qxc3 45. Qa1 Qc2 46. Ra2 Qc4 47. Qb1 Nb4
48. Ra4 Qb5 49. Rxb4 Qd7 50. Kh2 h5 51. Qc2 h4 52. g4 Qc7+ 53. Kg1 Qa7 54. c6
Qa1+ 55. Rb1 {Black resigns} 1-0

[Event "Team 45 45 League T25"]
[Site "Internet Chess Club"]
[Date "2005.01.13"]
[Round "4"]
[White "baumhauer"]
[Black "megamaster"]
[Result "1-0"]
[WhiteElo "1878"]
[BlackElo "2026"]
[TimeControl "2700+45"]

1. d4 Nf6 2. c4 e6 3. Nc3 Bb4 4. e3 b6 5. Bd3 Bb7 6. Nf3 O-O 7. O-O Bxc3 8. bxc3
Be4 9. Bxe4 Nxe4 10. Qd3 f5 11. Ne1 Qe7 12. a4 c5 13. f3 Nd6 14. Ba3 Na6 15. Rd1
Nb7 16. Nc2 d6 17. e4 cxd4 18. cxd4 Rac8 19. c5 Naxc5 20. dxc5 bxc5 21. Rfe1
fxe4 22. Rxe4 d5 23. Re5 Qf6 24. Rde1 Nd8 25. Qb5 Qg6 26. Qd7 Ra8 27. R1e2 Rxf3
28. Bxc5 Qf7 29. Qxf7+ Rxf7 30. Nd4 Rb8 31. h3 Rc7 32. Bd6 Rc1+ 33. Kh2 Rb6 34.
Be7 Nc6 35. Nxc6 Rcxc6 36. Rf2 Rb8 37. g4 Re8 38. Bh4 Rc4 39. Ra2 Rc6 40. Bg3 a6
41. a5 d4 42. Rd2 Rd8 43. Bf2 d3 44. Bb6 Rd7 45. Kg3 Rc2 46. Be3 Rd6 47. Kf4 Kf7
48. Ke4 Rc4+ 49. Kf3 h6 50. Bb6 Kf6 51. Re4 {Black forfeits on time} 1-0

[Event "Team 45 45 League T25"]
[Site "Internet Chess Club"]
[Date "2005.01.06"]
[Round "4"]
[White "Satan"]
[Black "Khaifas"]
[Result "0-1"]
[WhiteElo "2180"]
[BlackElo "2568"]
[TimeControl "2700+45"]

1. e4 c5 2. Nf3 e6 3. c3 Nf6 4. e5 Nd5 5. Bc4 d6 6. O-O Be7 7. d4 cxd4 8. cxd4
O-O 9. Qe2 Nc6 10. Qe4 Ndb4 11. exd6 Qxd6 12. a3 Nd5 13. Nc3 Nf6 14. Qh4 Rd8 15.
Bf4 Qd7 16. Bd3 h6 17. Rad1 Nd5 18. Qg3 Nxf4 19. Qxf4 Qd6 20. Qe4 f5 21. Qe2 Bf6
22. d5 Ne5 23. Nxe5 Qxe5 24. dxe6 Qxe2 25. Bxe2 Bxe6 26. Bf3 Bb3 27. Bxb7 Bxd1
28. Bxa8 Bb3 29. Bf3 Rd2 30. Nd1 Bd4 31. Re1 Bxd1 32. Rxd1 Bxf2+ 33. Kf1 Rxb2
{White forfeits on time} 0-1

[Event "Team 45 45 League T25"]
[Site "Internet Chess Club"]
[Date "2005.01.07"]
[Round "4"]
[White "SonnyBlack"]
[Black "KindlyKing"]
[Result "0-1"]
[WhiteElo "2012"]
[BlackElo "2113"]
[TimeControl "2700+45"]

1. e4 d6 2. d4 Nf6 3. Nc3 g6 4. f4 Bg7 5. Nf3 c5 6. dxc5 Qa5 7. Bd3 Qxc5 8. Qe2
Bg4 9. Be3 Qa5 10. O-O O-O 11. Rad1 Nc6 12. Kh1 Nh5 13. Qd2 Bxc3 14. bxc3 Qxa2
15. f5 Qa5 16. Rb1 Bxf3 17. Rxf3 Ne5 18. Rh3 Ng4 19. Bg5 Qc5 20. Rf1 Rac8 21.
Bxe7 Rfe8 22. Bg5 Qxc3 23. Qe2 Ngf6 24. Bb5 Qxc2 25. Qxc2 Rxc2 26. Bxe8 Nxe8 27.
g4 Nhg7 28. fxg6 hxg6 29. Rhf3 Rc7 30. Be3 b6 31. h4 Re7 32. Bg5 Rd7 33. Rh3 Ne6
34. Bd2 d5 35. e5 d4 36. h5 d3 37. Rf2 Nc5 38. hxg6 fxg6 39. Rfh2 Ng7 40. Bb4
Rd4 41. Bxc5 bxc5 42. Re3 d2 43. e6 d1=Q+ 44. Kg2 Qd2+ {White resigns} 0-1

[Event "Team 45 45 League T25"]
[Site "Internet Chess Club"]
[Date "2005.01.08"]
[Round "4"]
[White "onslaught"]
[Black "Anechka"]
[Result "1-0"]
[WhiteElo "2250"]
[BlackElo "2178"]
[TimeControl "2700+45"]

1. d4 Nf6 2. c4 c6 3. Nf3 d5 4. Nc3 dxc4 5. a4 Bf5 6. e3 e6 7. Bxc4 Bb4 8. O-O
Nbd7 9. Qe2 Qa5 10. e4 Bg4 11. e5 Nd5 12. Ne4 O-O 13. h3 Bh5 14. Ng3 Bg6 15. Nh4
N7b6 16. Nxg6 fxg6 17. Bb3 Rae8 18. Ne4 Nf4 19. Qc2 Nfd5 20. Bg5 Nd7 21. Rad1 h6
22. Bd2 Bxd2 23. Rxd2 Qa6 24. Rdd1 Qb6 25. a5 Qb4 26. Nd6 Re7 27. a6 bxa6 28.
Bc4 c5 29. Qxg6 Nf4 30. Qe4 Qxb2 31. Nf5 Ree8 32. Qxf4 Kh8 33. Bxe6 Rxe6 34. Qg4
g5 35. Ne3 Rfe8 36. Nc4 Qc3 37. d5 Nxe5 38. Qh5 Qxc4 39. dxe6 Qxe6 40. Rd6 Qxd6
41. Qxe8+ Kg7 42. Re1 Ng6 43. Re6 Qd3 44. Rc6 h5 45. Rc7+ Kh6 46. Qf7 Qd1+ 47.
Kh2 Qd6+ 48. g3 g4 49. h4 {Black resigns} 1-0

[Event "Team 45 45 League T25"]
[Site "Internet Chess Club"]
[Date "2005.01.10"]
[Round "4"]
[White "Catalog"]
[Black "trikmamak"]
[Result "0-1"]
[WhiteElo "2123"]
[BlackElo "2239"]
[TimeControl "2700+45"]

1. d4 d5 2. c4 c6 3. Nf3 e6 4. Bg5 f6 5. Bf4 f5 6. e3 Nf6 7. Bd3 Be7 8. O-O O-O
9. Nbd2 Ne4 10. Ne5 Nd7 11. f3 Nd6 12. Qc2 g5 13. Bg3 Nxe5 14. Bxe5 Nf7 15. Bg3
Nh6 16. Rfd1 Rf7 17. Bf2 f4 18. e4 Kh8 19. Qc3 Rg7 20. h3 Nf7 21. Rac1 Bd6 22.
e5 Be7 23. cxd5 cxd5 24. Rc2 Qf8 25. Rdc1 h5 26. Be2 Rg8 27. a3 Nh6 28. Nb3 Nf5
29. Qd3 b6 30. Rc7 a5 31. R1c6 Ba6 32. Qd2 Bd8 33. Bxa6 Bxc7 34. Bb7 Ra7 35.
Rxc7 Qb8 36. Rc6 Rxb7 37. Rxe6 Rc7 38. Qd3 Rf8 39. Qb5 Qc8 40. Rxb6 Rc2 41. Nc5
Ng3 42. Bxg3 fxg3 43. Kf1 Rxf3+ 44. Ke1 Rff2 45. Rh6+ Kg7 46. Rg6+ Kxg6 47. Qb6+
Kh7 48. Qa7+ Kh8 49. Kd1 Rfd2+ 50. Ke1 Rxg2 51. Kd1 Rgd2+ 52. Ke1 g2 {White
resigns} 0-1

[Event "Team 45 45 League T25"]
[Site "Internet Chess Club"]
[Date "2005.01.09"]
[Round "4"]
[White "imbak"]
[Black "EdBorowski"]
[Result "0-1"]
[WhiteElo "2199"]
[BlackElo "2101"]
[TimeControl "2700+45"]

1. e4 c6 2. d4 d5 3. Nc3 dxe4 4. Nxe4 Nd7 5. Bc4 Ngf6 6. Nxf6+ Nxf6 7. c3 b5 8.
Bb3 Bf5 9. Nf3 e6 10. Ne5 c5 11. O-O c4 12. Bc2 Bxc2 13. Qxc2 Bd6 14. Bg5 h6 15.
Bh4 O-O 16. f4 Qc7 17. Rae1 a5 18. f5 Bxe5 19. dxe5 Nd5 20. f6 g6 21. Rf3 Rfd8
22. Qe4 Kf8 23. Bf2 Ke8 24. h4 h5 25. Bd4 Kd7 26. Qe2 a4 27. Qf2 Kc8 28. Bc5 Kb7
29. Kh2 Qc6 30. Kh3 Rg8 31. Rg3 Nf4+ 32. Qxf4 Qxc5 33. Rb1 Rgd8 34. b3 cxb3 35.
axb3 a3 36. Re3 a2 37. Ra1 Rd2 38. c4 Rb2 39. Rd3 Qc6 40. Qf1 bxc4 41. bxc4 Qe4
42. c5 Qf5+ 43. Qxf5 gxf5 44. Rdd1 Kc6 45. Kg3 Rg8+ 46. Kf3 Rgxg2 47. Rd6+ Kxc5
48. Rd7 Rb1 49. Rc7+ Kd5 {White resigns} 0-1

[Event "Team 45 45 League T25"]
[Site "Internet Chess Club"]
[Date "2005.01.10"]
[Round "4"]
[White "Ser-Enigma"]
[Black "kikian"]
[Result "1-0"]
[WhiteElo "2106"]
[BlackElo "2055"]
[TimeControl "2700+45"]

1. e4 Nf6 2. e5 Nd5 3. d4 d6 4. c4 Nb6 5. exd6 cxd6 6. Nf3 g6 7. Be2 Bg7 8. O-O
O-O 9. Be3 Bg4 10. h3 Bxf3 11. Bxf3 Nc6 12. Na3 Rc8 13. Rc1 d5 14. c5 Na8 15.
Qa4 Nc7 16. Rfd1 e5 17. dxe5 Nxe5 18. Be2 a6 19. Qb3 Rb8 20. Nc2 Re8 21. Nb4 Qh4
22. Nxd5 Nxd5 23. Rxd5 Nc6 24. Rd7 Rf8 25. Qb6 Rbe8 26. Qxb7 Rxe3 27. fxe3 Qg3
28. Bf3 Ne5 29. Rdd1 Bh6 30. Rc3 Re8 31. Qe4 f5 32. Qd5+ Kh8 33. c6 Bg7 34. e4
Rf8 35. exf5 Rxf5 36. Qe4 h5 37. Rdc1 Rf4 38. Qd5 Qg5 39. c7 Nxf3+ 40. Rxf3 Qxd5
41. Rxf4 Bd4+ 42. Kh1 {Black resigns} 1-0

[Event "Team 45 45 League T25"]
[Site "Internet Chess Club"]
[Date "2005.01.08"]
[Round "4"]
[White "Arshanay"]
[Black "akdog3"]
[Result "1-0"]
[WhiteElo "2334"]
[BlackElo "2155"]
[TimeControl "2700+45"]

1. Nf3 Nf6 2. g3 d5 3. Bg2 c6 4. O-O Bg4 5. d3 Nbd7 6. Nbd2 e5 7. e4 dxe4 8.
dxe4 Bc5 9. c3 a5 10. Qc2 O-O 11. h3 Bh5 12. Nc4 Re8 13. Be3 Bf8 14. Rad1 Qc7
15. Bg5 h6 16. Bxf6 Nxf6 17. Rd2 b5 18. Ne3 Bc5 19. Nf5 Rad8 20. Rfd1 Rxd2 21.
Rxd2 Kh7 22. Qd3 Bg6 23. N3h4 Bxf5 24. Nxf5 g6 25. Ne3 Qb6 26. Nc2 Re7 27. Qf3
Re6 28. h4 Kg7 29. Ne1 Ne8 30. Nd3 Nd6 31. Bh3 Rf6 32. Qe2 Nc4 33. Rd1 Bd6 34.
b3 Na3 35. g4 g5 36. hxg5 hxg5 37. Qd2 Kg6 38. Qc1 b4 39. c4 Qd4 40. Nf4+ Rxf4
41. Rxd4 exd4 42. Qd1 c5 43. Qd3 Be5 44. Kf1 Rf6 45. Ke2 Kg7 46. Bg2 Rh6 47. Qd1
Rf6 48. Qf1 Kh7 49. Kd3 Kg7 50. Bh1 Rh6 51. f4 Bxf4 52. e5 Re6 53. Be4 Rxe5 54.
Qh1 Re8 55. Qh7+ Kf8 56. Qh6+ Ke7 57. Qc6 Bd6 58. Qd5 Rg8 59. Qb7+ Kf6 60. Qd7
Be7 61. Qf5+ Kg7 62. Qh7+ Kf8 63. Bd5 {Black resigns} 1-0

[Event "Team 45 45 League T25"]
[Site "Internet Chess Club"]
[Date "2005.01.08"]
[Round "4"]
[White "MrHyde"]
[Black "syy89"]
[Result "0-1"]
[WhiteElo "2163"]
[BlackElo "2084"]
[TimeControl "2700+45"]

1. c4 g6 2. g3 Bg7 3. Bg2 e5 4. Nc3 d6 5. e4 h5 6. h4 Nc6 7. d3 Bg4 8. f3 Be6 9.
Nge2 Nge7 10. O-O Qd7 11. Bg5 O-O 12. Qd2 Kh7 13. Nd5 f6 14. Be3 Nd8 15. b4 c6
16. Nxe7 Qxe7 17. Rab1 Nf7 18. b5 d5 19. bxc6 bxc6 20. cxd5 cxd5 21. Qa5 d4 22.
Bd2 Rfc8 23. Rfc1 Rab8 24. Rxb8 Rxb8 25. Rc7 Qe8 26. Qxa7 Rb2 27. f4 Rxd2 28. f5
gxf5 29. exf5 Bxa2 30. Nc1 Rxg2+ 31. Kxg2 Bd5+ 32. Kh2 Qb5 33. Qa3 Qb8 34. Rd7
Bf8 35. Qa1 Qb5 36. Rc7 Bd6 37. Rc2 Qd7 38. Qa5 Bf3 39. Qa2 Kg7 40. Qe6 Qxe6 41.
fxe6 Nd8 42. Ra2 Be7 43. Ra7 Kf8 44. Nb3 Bd5 45. Nd2 Bxe6 46. Kg2 Bf5 47. Ne4
Bxe4+ 48. dxe4 Ne6 49. Kf2 d3 50. Ke3 Bc5+ {White resigns} 0-1

[Event "Team 45 45 League T25"]
[Site "Internet Chess Club"]
[Date "2005.01.09"]
[Round "4"]
[White "sloper-c"]
[Black "searchforbobby1"]
[Result "1/2-1/2"]
[WhiteElo "2024"]
[BlackElo "2139"]
[TimeControl "2700+45"]

1. e4 c5 2. c3 d5 3. exd5 Qxd5 4. d4 Nc6 5. Nf3 e5 6. Be2 e4 7. O-O exf3 8. Bxf3
Qd6 9. Re1+ Be7 10. d5 Ne5 11. Bf4 f6 12. Na3 Qd8 13. Bxe5 fxe5 14. Rxe5 Kf8 15.
Qd3 Bd6 16. Re2 Nf6 17. Rae1 Bd7 18. Nb5 Bxb5 19. Qxb5 Qc7 20. h3 Kf7 21. Qa4 a6
22. Bg4 Rhe8 23. Be6+ Kf8 24. Qc2 g6 25. c4 Qg7 26. Re3 Nh5 27. Rf3+ Ke7 28.
Bf7+ Kd7 29. Rxe8 Rxe8 30. Qa4+ b5 31. Bxe8+ Kxe8 32. cxb5 axb5 33. Qxb5+ Qd7
34. Re3+ Kd8 35. Qa5+ Qc7 36. Qa8+ Qb8 37. Qc6 Ng7 38. b3 Qc7 39. Qa8+ Qb8 40.
Qc6 Qc7 41. Qxc7+ Kxc7 42. g4 Kd7 43. Re4 Ne8 44. Ra4 Nf6 45. Ra7+ Bc7 46. f4
Nxd5 47. f5 gxf5 48. gxf5 Kd6 49. Kf2 Ke5 50. Ra6 Kxf5 51. Kf3 Be5 52. Ra7 {Game
drawn by mutual agreement} 1/2-1/2

[Event "Team 45 45 League T25"]
[Site "Internet Chess Club"]
[Date "2005.01.07"]
[Round "4"]
[White "six-killer"]
[Black "azbycx"]
[Result "0-1"]
[WhiteElo "1849"]
[BlackElo "1879"]
[TimeControl "2700+45"]

1. e4 c5 2. Nf3 Nf6 3. Nc3 Nc6 4. d4 e6 5. Bg5 h6 6. Bh4 cxd4 7. Nxd4 Be7 8.
Ndb5 O-O 9. Nd6 Nxe4 10. Bxe7 Nxc3 11. Bxd8 Nxd1 12. Bh4 Nxb2 13. Rb1 Na4 14.
Nxc8 Rfxc8 15. Rxb7 Nb6 16. Ba6 Nb4 17. Rxb6 axb6 18. Bxc8 Rxc8 19. Be7 Nd5 20.
Bd6 Rxc2 21. a3 Rc1+ {White resigns} 0-1

[Event "Team 45 45 League T25"]
[Site "Internet Chess Club"]
[Date "2005.01.09"]
[Round "4"]
[White "GolferBob"]
[Black "Steinwitz"]
[Result "1/2-1/2"]
[WhiteElo "1689"]
[BlackElo "1837"]
[TimeControl "2700+45"]

1. d4 d5 2. Nf3 c5 3. c3 Nc6 4. Bg5 Qc7 5. e3 e6 6. Bf4 Bd6 7. Bxd6 Qxd6 8. Nbd2
Nf6 9. Bd3 O-O 10. O-O e5 11. dxe5 Nxe5 12. Nxe5 Qxe5 13. Nf3 Qd6 14. Be2 Re8
15. Qc2 Bg4 16. Ng5 Bxe2 17. Qxe2 Qe5 18. Nf3 Qd6 19. Rfd1 Rad8 20. Qc2 Re4 21.
a4 Rg4 22. Qf5 Rg6 23. c4 Qc6 24. Ne5 Qa6 25. Nxg6 hxg6 26. Qc2 d4 27. exd4 cxd4
28. Rd3 Qd6 29. Re1 Ng4 30. g3 Ne5 31. Rxe5 Qxe5 32. Qd2 {Game drawn by mutual
agreement} 1/2-1/2

[Event "Team 45 45 League T25"]
[Site "Internet Chess Club"]
[Date "2005.01.08"]
[Round "4"]
[White "Mr-Patzer2u"]
[Black "hoyd"]
[Result "0-1"]
[WhiteElo "1588"]
[BlackElo "1624"]
[TimeControl "2700+45"]

1. f4 Nc6 2. Nf3 d5 3. e3 Bg4 4. Be2 Nf6 5. d3 e6 6. b3 Bc5 7. Bd2 Qe7 8. a4 a6
9. c3 O-O 10. O-O Ba7 11. Qc2 Rad8 12. d4 Bf5 13. Bd3 Bxd3 14. Qxd3 h6 15. Qc2
Ne4 16. Be1 Nb8 17. b4 Nd7 18. Nbd2 Ndf6 19. Bh4 g5 20. fxg5 hxg5 21. Nxg5 Ng4
22. Ndxe4 Nxe3 23. Qe2 Nxf1 24. Qh5 f6 25. Nxe6 dxe4 26. Qg6+ Kh8 27. Nxd8 Qxd8
28. Rxf1 Bxd4+ 29. cxd4 Qxd4+ 30. Kh1 e3 31. h3 e2 32. Qh6+ Kg8 33. Qg6+ Kh8 34.
Qh6+ Kg8 35. Qg6+ Kh8 36. Qh5+ Kg7 37. Qxe2 Qxh4 38. Qe7+ Rf7 39. Qe1 Qxe1 40.
Rxe1 b6 41. g3 Kg6 42. Kg2 Rd7 43. Re2 Kf7 44. h4 Rd4 45. Rb2 f5 46. Kf3 Kf6 47.
Rc2 Rxb4 48. Rxc7 Rxa4 49. Rc6+ Ke5 50. Rxb6 Ra3+ 51. Kg2 f4 52. g4 Rg3+ 53. Kf2
Rxg4 54. Rxa6 Rxh4 55. Ra3 Rh2+ 56. Kg1 Rd2 57. Rf3 Ke4 58. Rf2 Rd1+ 59. Rf1
Rxf1+ 60. Kxf1 Kf3 {White resigns} 0-1

[Event "Team 45 45 League T25"]
[Site "Internet Chess Club"]
[Date "2005.01.06"]
[Round "4"]
[White "ChessicStudent"]
[Black "SpeedBlade"]
[Result "1-0"]
[WhiteElo "1499"]
[BlackElo "1344"]
[TimeControl "2700+45"]

1. Nf3 d5 2. g3 Bg4 3. Bg2 e6 4. O-O Nd7 5. d3 Bd6 6. b3 Ne7 7. Bb2 O-O 8. Nbd2
a5 9. Re1 b5 10. e4 Be5 11. Bxe5 Nxe5 12. exd5 Nxf3+ 13. Nxf3 exd5 14. Qc1 a4
15. Qg5 Be6 16. Nd4 Qd7 17. c4 f6 18. Qe3 Nf5 19. Qxe6+ Qxe6 20. Nxe6 c6 21.
Nxf8 {Black resigns} 1-0